 Dungeon Crawl Stone Soup version 0.25-a0-842-g81a31cfd23 (webtiles) character file.

Game seed: 2198025892139914066, levelgen mode: deterministic

896 mortelune the Vexing (level 8, -2/60 HPs)
             Began as a Formicid Arcane Marksman on Apr 24, 2020.
             Killed from afar by Pikel (14 damage)
             ... with a bolt of acid
             ... on level 4 of the Dungeon.
             The game lasted 00:13:32 (5422 turns).

mortelune the Vexing (Formicid Arcane Marksman)     Turns: 5422, Time: 00:13:33

Health: -2/60      AC:  5    Str: 16    XL:     8   Next: 27%
Magic:  9/9        EV: 10    Int: 16    God:
Gold:   291        SH:  3    Dex: 11    Spells: 2/9 levels left

rFire    . . .     SeeInvis +   b - +4 whip
rCold    . . .     Gourm    .   C - +0 buckler (curse)
rNeg     . . .     Faith    .   q - +0 scale mail
rPois    +         Spirit   .   (helmet unavailable)
rElec    .         Reflect  .   (no cloak)
rCorr    .         Harm     .   (no gloves)
MR       .....                  (no boots)
Stlth    ..........             (no amulet)
HPRegen  0.20/turn              k - ring of poison resistance
MPRegen  0.11/turn              (no ring)

@: corroded
A: permanent stasis, dig shafts and tunnels, four strong arms, antennae 3, claws
1, fangs 1, iridescent scales 1, clever 1
a: Dig, Shaft Self


You were on level 4 of the Dungeon.
You were not hungry.

You visited 1 branch of the dungeon, and saw 6 of its levels.

You collected 291 gold pieces.

Inventory:

Hand Weapons
 a - a +0 hand crossbow
 b - a +4 whip (weapon)
 w - a cursed -2 flail
Missiles
 d - 26 bolts
Armour
 e - a +0 robe
 g - a +0 ring mail
 q - a +0 scale mail (worn)
 A - a +0 kite shield
 C - a cursed +0 buckler (worn)
Jewellery
 c - an uncursed amulet of guardian spirit {unknown}
 k - a ring of poison resistance (left claw)
 t - an uncursed amulet of faith
Wands
 y - a wand of scattershot (7)
Scrolls
 n - 3 scrolls of blinking {unknown}
 o - a scroll of magic mapping {unknown}
 p - 4 scrolls of teleportation {unknown}
 r - a scroll of fog {unknown}
 s - a scroll of immolation {unknown}
 v - a scroll of fear {unknown}
 D - a scroll of identify
 E - a scroll of enchant armour {unknown}
 H - a scroll of random uselessness {unknown}
Potions
 h - 2 potions of flight
 i - a potion of magic
 j - a potion of invisibility
 l - 3 potions of mutation
 m - a potion of haste {unknown}
 u - a potion of curing {unknown}
 x - a potion of degeneration {unknown}
 z - a potion of lignification {unknown}
 B - 3 potions of heal wounds
Comestibles
 f - 14 rations


   Skills:
 + Level 4.3 Fighting
 * Level 4.9 Maces & Flails
 - Level 2.4 Crossbows
 * Level 3.7 Armour
 - Level 3.2 Dodging
 - Level 1.1 Spellcasting
 - Level 5.4 Hexes


You had 2 spell levels left.
You knew the following spells:

 Your Spells              Type           Power        Failure   Level  Hunger
a - Corona                Hex            ###....      14%         1    ##.....
b - Slow                  Hex            ###.....     22%         2    ###....
c - Cause Fear            Hex            ###.......   80%         4    #####..

Your spell library contained the following spells:

 Spells                   Type           Power        Failure   Level  Hunger
 Inner Flame              Hex/Fire       #.......     77%         3    ####...
 Portal Projectile        Hex/Tloc       #.....       77%         3    ####...
 Leda's Liquefaction      Hex/Erth       #.........   99%         4    #####..


Dungeon Overview and Level Annotations

Branches:
Dungeon (6/15)
 Temple: D:4-7

Altars:
Elyvilon
Fedhas

Annotations:
D:3 Sigmund
D:4 Pikel


Innate Abilities, Weirdness & Mutations

You cannot be hasted, slowed, berserked, paralysed or teleported.
You can dig through walls and to a lower floor.
Your four strong arms can wield two-handed weapons with a shield.
You have a pair of large antennae on your head. (SInv)
You have sharp fingernails.
You have very sharp teeth.
You are partially covered in iridescent scales. (AC +2)
Your mind is acute. (Int +2)


Message History

There is an open door here.
You whack Pikel!
Pikel is moderately wounded.
Pikel zaps a wand.
The bolt of acid hits you!
You are splashed with acid!
You hit Pikel.
Pikel is moderately wounded.
Pikel zaps a wand.
The bolt of acid misses you.
You hit Pikel but do no damage.
Pikel is moderately wounded.
You block Pikel's attack.
You hit Pikel.
Pikel is moderately wounded.
Pikel zaps a wand.
The bolt of acid hits you!!
* * * LOW HITPOINT WARNING * * *
The acid corrodes you!
You are splashed with acid.
* * * LOW HITPOINT WARNING * * *
Okay, then.
Are you sure you want to shaft yourself?
You feel quite a bit more hungry.
Pikel zaps a wand.
The bolt of acid hits you!
You die...

#.###...##..##
#.##.....##..#
#.....8......#
#####...###..# #...#
#.## #.<.# #.# #...#
#.## #####...###..#
#.....8OpK@..#
#.##....p##..#
######.###...####.#
.....#...##.##......
..###.....##'#.......#
........<>...........#
............O#.......#
............##.......#
...........(.........


You could see Pikel, an ogre and 2 slaves.

Vanquished Creatures
  Grinder (D:3)
  2 slaves (D:4)
  An ogre (D:5)
  A scorpion (D:2)
  A crimson imp (D:5)
  A hound (D:6)
  A bullfrog skeleton (D:5)
  An orc priest (D:5)
  3 orc wizards
  2 iguanas
  Natasha (D:2)
  3 worker ants
  A hound skeleton (D:4)
  Robin (D:3)
  A howler monkey skeleton (D:6)
  5 adders
  2 shadow imps (D:5)
  3 oozes
  4 dart slugs
  3 leopard geckos
  12 orcs
  A ball python (D:5)
  4 giant cockroaches
  16 goblins
  8 hobgoblins
  8 kobolds
  2 quokkas
  5 bats
  2 frilled lizards
  7 rats
103 creatures vanquished.

Notes
Turn   | Place    | Note
-------+----------+-------------------------------------------
     0 | D:1      | mortelune the Formicid Arcane Marksman began the quest for
                  | the Orb.
     0 | D:1      | Reached XP level 1. HP: 15/15 MP: 2/2
   180 | D:1      | Reached XP level 2. HP: 21/21 MP: 3/3
   187 | D:1      | Learned a level 2 spell: Slow
   441 | D:1      | Reached XP level 3. HP: 27/27 MP: 4/4
   487 | D:1      | Reached skill level 4 in Hexes
   623 | D:1      | Gained mutation: Your mind is acute. (Int +2) [potion of
                  | mutation]
   623 | D:1      | Gained mutation: You are partially covered in iridescent
                  | scales. (AC +2) [potion of mutation]
   623 | D:1      | Gained mutation: You have sharp fingernails. [potion of
                  | mutation]
   623 | D:1      | Gained mutation: You have very sharp teeth. [potion of
                  | mutation]
   838 | D:2      | Reached XP level 4. HP: 28/33 MP: 2/5
   957 | D:2      | Reached skill level 1 in Maces & Flails
   957 | D:2      | Reached XP level 5. HP: 39/39 MP: 6/6
  1367 | D:3      | Noticed Robin
  1498 | D:3      | Killed Robin
  1676 | D:3      | Reached XP level 6. HP: 46/46 MP: 7/7
  1944 | D:3      | Noticed Grinder
  1957 | D:3      | You fall into a shaft and drop 3 floors!
  2364 | D:6      | Found a white marble altar of Elyvilon.
  2692 | D:5      | Entered Level 5 of the Dungeon
  2803 | D:6      | Found a blossoming altar of Fedhas.
  3042 | D:5      | Reached skill level 5 in Hexes
  3206 | D:5      | Reached XP level 7. HP: 52/52 MP: 8/8
  3215 | D:5      | Reached skill level 1 in Armour
  3584 | D:4      | Noticed Pikel
  4455 | D:5      | Learned a level 4 spell: Cause Fear
  4848 | D:3      | Killed Grinder
  4848 | D:3      | Reached XP level 8. HP: 37/60 MP: 9/9
  5131 | D:3      | Noticed Natasha
  5134 | D:3      | Noticed Sigmund
  5166 | D:2      | Killed Natasha
  5422 | D:4      | Killed from afar by Pikel

Levels and vault maps discovered:
D:1:      dpeg_arrival_stone_temple_mockup, layout_rooms
D:2:      layout_rooms, st_stairs_13
D:3:      layout_loops_corners, first_ration, chequers_serial_rivers_micro_e,
          uniq_grinder, uniq_natasha, uniq_robin, uniq_sigmund
D:4:      layout_rooms, dancing_weapons_uskayaw, gammafunk_temple_overflow_claw,
          serial_curves, eino_curves_04, eino_curves_01, grunt_ministairs_15,
          trog_three_pillars_becter, uniq_pikel
D:5:      layout_basic
D:6:      layout_cave_pools, lemuel_doored_altar, fedhas_ov_isle_minmay,
          uniq_edmund

Skill      XL: |  1  2  3  4  5  6  7 |
---------------+----------------------+-----
Dodging        | 2 3 |  3.2
Hexes          | 4 5 |  5.4
Fighting       | 2 3 4 |  4.3
Maces & Flails | 1 2 3 4 |  4.9
Armour         | 3 |  3.7
Crossbows      | |  2.4
Spellcasting   | |  1.1

Action                   |  1- 3 |  4- 6 |  7- 9 || total
-------------------------+-------+-------+-------++-------
Melee: Whip              |    15 |   158 |   123 ||   296
       Bite              |       |    13 |     7 ||    20
 Fire: Hand crossbow     |    39 |    38 |    85 ||   162
Throw: Dart              |       |       |     5 ||     5
 Cast: Corona            |     7 |       |     3 ||    10
 Abil: Shaft Self        |       |     1 |     1 ||     2
  Use: Scroll            |     4 |     1 |       ||     5
       Potion            |     1 |     1 |     1 ||     3
  Eat: Chunk             |       |     8 |     4 ||    12
       Ration            |       |       |     1 ||     1
Armor: Robe              |     4 |       |       ||     4
       Ring mail         |     8 |     2 |       ||    10
       Scale mail        |       |    57 |    51 ||   108
Dodge: Dodged            |    25 |    82 |    65 ||   172
Block: Buckler           |       |       |     2 ||     2

Table legend:
 A = Non-vault XP
 B = Vault XP
 C = Vault XP percentage of total XP
 D = Non-vault monster count
 E = Vault monster count
 F = Vault count percentage of total count
                 A         B        C        D         E       F
            +---------+---------+-------+---------+---------+-------
      Total |     919 |     361 |  28.2 |      85 |      16 |  15.8
            +---------+---------+-------+---------+---------+-------
        D:1 |      57 |       0 |   0.0 |      23 |       0 |   0.0
        D:2 |     110 |      45 |  29.0 |      11 |       4 |  26.7
        D:3 |      87 |     316 |  78.4 |      16 |      12 |  42.9
        D:4 |      79 |       0 |   0.0 |       7 |       0 |   0.0
        D:5 |     438 |       0 |   0.0 |      18 |       0 |   0.0
        D:6 |     148 |       0 |   0.0 |      10 |       0 |   0.0
            +---------+---------+-------+---------+---------+-------
